 Dungeon Crawl Stone Soup version 0.31.0-12-g77e489cdc1 (webtiles) character file.

Game seed: 2606299737203779512

133 cdecastro the Changeling (level 4, -2/38 HPs)
             Began as a Draconian Shapeshifter on Feb 26, 2024.
             Was a Follower of Fedhas.
             Slain by an iguana (5 damage)
             ... on level 6 of the Dungeon.
             The game lasted 00:02:45 (1844 turns).

cdecastro the Changeling (Draconian Shapeshifter)   Turns: 1844, Time: 00:02:45

Health: -2/38      AC:  5    Str: 16    XL:     4   Next: 93%
Magic:  4/4        EV: 12    Int: 11    God:    Fedhas [*.....]
Gold:   104        SH:  0    Dex: 12    Spells: 3/3 levels left

rFire   . . .        k - +0 dagger (speed)
rCold   . . .        (no shield)
rNeg    . . .        (body armour unavailable)
rPois   .            (helmet currently unavailable)
rElec   .            (cloak currently unavailable)
rCorr   .            (gloves currently unavailable)
SInv    .            (boots currently unavailable)
Will    .....        (no amulet)
Stlth   +            (no ring)
HPRegen 0.26/turn    (no ring)
MPRegen 0.09/turn

%: no passive effects
@: beast-form
A: beast (slay +2), AC +5, unfitting armour, cold-blooded
a: Begin Untransformation, Renounce Religion


You were on level 6 of the Dungeon.
You worshipped Fedhas.
Fedhas was aware of your devotion.
You were a hulking beast.
You visited 1 branch of the dungeon, and saw 5 of its levels.

You collected 104 gold pieces.

Inventory:

Hand Weapons
 k - a +0 dagger of speed (weapon)
Armour
 m - a +0 pair of gloves
Jewellery
 f - a ring of see invisible
 n - a ring of resist corrosion
Talismans
 b - a beast talisman
 c - a flux talisman
 p - a serpent talisman
Scrolls
 e - a scroll of revelation {unknown}
 g - a scroll of silence {unknown}
 i - a scroll of blinking {unknown}
 j - 2 scrolls of fog {unknown}
Potions
 a - 2 potions of lignification
 d - 4 potions of cancellation {unknown}
 h - 2 potions of resistance {unknown}
 l - 2 potions of ambrosia {unknown}
 o - a potion of curing {unknown}


   Skills:
 + Level 3.1 Fighting
 - Level 1.7 Dodging
 - Level 3.0 Unarmed Combat
 * Level 4.7 Shapeshifting


You had 3 spell levels left.
You didn't know any spells.
Your spell library contained the following spells:

 Spells                   Type           Power      Damage    Failure   Level
 Mephitic Cloud           Conj/Alch/Air  0%         N/A       71%         3
 Olgreb's Toxic Radiance  Alch           0%         N/A       98%         4


Dungeon Overview and Level Annotations

Branches:
Dungeon (6/15)
 Temple: D:4-7

Altars:
Fedhas

Annotations:
D:5 Blork the orc


Innate Abilities, Weirdness & Mutations

You are a hulking beast.
Your limbs bulge with bestial killing power. (Slay +2)
Your plain brown scales are hard. (AC +5)
You cannot fit into any form of body armour.
You are cold-blooded and may be slowed by cold attacks.


Message History

The iguana is severely wounded.
You barely miss the iguana.
The iguana is severely wounded.
The iguana closely misses you.
You hit the iguana.
The iguana is almost dead.
The iguana bites you.
You barely miss the iguana. You tail-slap the iguana.
You kill the iguana!
Fedhas appreciates your contribution to the ecosystem.
Your Fighting skill increases to level 3!
You hit the iguana but do no damage. You hit the iguana.
You tail-slap the iguana, but do no damage.
The iguana is lightly wounded.
The iguana closely misses you.
You closely miss the iguana.
The iguana is lightly wounded.
The iguana bites you!
* * * LOW HITPOINT WARNING * * *
You hit the iguana. You tail-slap the iguana.
The iguana is heavily wounded.
You hit the iguana.
You tail-slap the iguana, but do no damage.
The iguana is heavily wounded.
The iguana closely misses you.
You closely miss the iguana.
The iguana is heavily wounded.
The iguana misses you.
You closely miss the iguana.
The iguana is heavily wounded.
You hit the iguana but do no damage.
The iguana is heavily wounded.
The iguana bites you!
* * * LOW HITPOINT WARNING * * *
You hit the iguana but do no damage.
The iguana is heavily wounded.
The iguana bites you.
You die...
Fedhas appreciates your contribution to the ecosystem.

###.###
#.....#
######.#?#<#
...........#
######.#.#.#
#.....#
###.#.#
#.#l# #.#h#
#.#.# #.#.#
..# ... .###
. .$


You could see an iguana.

Vanquished Creatures
  An iguana (D:6)
  5 adders
  2 white imps (D:5)
  2 endoplasms
  2 giant cockroaches
  2 hobgoblins
  4 jackals (D:1)
  6 kobolds
  2 quokkas
  7 ball pythons
  6 bats
  4 frilled lizards
  4 goblins
  5 rats
52 creatures vanquished.

Notes
Turn   | Place    | Note
-------+----------+-------------------------------------------
     0 | D:1      | cdecastro the Draconian Shapeshifter began the quest for
                  | the Orb.
     0 | D:1      | Reached XP level 1. HP: 16/16 MP: 1/1
   265 | D:1      | Reached XP level 2. HP: 23/23 MP: 2/2
   646 | D:2      | Reached XP level 3. HP: 29/29 MP: 3/3
   777 | D:2      | Reached skill level 4 in Shapeshifting
  1000 | D:2      | Found a faded altar of an unknown god.
  1008 | D:2      | Prayed at the altar of an unknown god.
  1008 | D:2      | Became a worshipper of Fedhas Madash
  1008 | D:2      | Reached * piety under Fedhas
  1122 | D:2      | Got Sif Muna's Reference Book on Chrysopoeia
  1149 | D:2      | Reached XP level 4. HP: 37/37 MP: 4/4
  1617 | D:3      | You fall into a shaft and drop 2 floors!
  1617 | D:5      | Entered Level 5 of the Dungeon
  1800 | D:5      | Noticed Blork the orc
  1844 | D:6      | Slain by an iguana

Illustrated notes

Levels and vault maps discovered:
D:1:      beargit_arrival_greenhouse, layout_rooms
D:2:      layout_basic, dreamdust_ecumenical_altar_hidden_monk_grotto
D:3:      layout_basic, bh_walls_and_bars, uniq_sigmund
D:5:      cheibrodos_quashed, layout_basic, serial_shops, shop,
          uniq_blork_the_orc
D:6:      layout_loops_ring, marbit_many_paths,
          minmay_temple_entry_glassed_door, uniq_duvessa,
          uniq_crazy_yiuf_cottage, uniq_edmund

Skill      XL: |  1  2  3  4 |
---------------+-------------+-----
Fighting       | 2 3 |  3.1
Shapeshifting  | 4 |  4.7
Dodging        | |  1.7
Unarmed Combat | |  3.0

Action                     |  1- 3 |  4- 6 || total
---------------------------+-------+-------++-------
  Melee: Unarmed           |    48 |       ||    48
         Tailslap          |     9 |    14 ||    23
         Dagger            |    77 |    67 ||   144
         Punch             |     2 |       ||     2
   Stab: Sleeping          |     2 |       ||     2
 Armour: Skin              |    69 |    32 ||   101
  Dodge: Dodged            |    92 |    28 ||   120
